 Dungeon Crawl Stone Soup version 0.31-a0-1570-g93c622d222 (webtiles) character file.

Game seed: 11568734901339849656

613 MisterFreud the Ruffian (level 7, -4/118 HPs)
             Began as a Pale Draconian Shapeshifter on Jan 3, 2024.
             Was a Believer of Ru.
             Slain by an ogre
             ... wielding a +0 giant club
              (11 damage)
             ... on level 4 of the Dungeon.
             The game lasted 00:04:43 (2637 turns).

MisterFreud the Ruffian (DrSh)                      Turns: 2637, Time: 00:04:44

Health: -4/118     AC: 23    Str: 16      XL:     7   Next: 20%
Magic:  7/7        EV:  2    Int: 11      God:    Ru [**....]
Gold:   141        SH:  0    Dex: 11 (12) Spells: 6/6 levels left

rFire   . .          .
                       - Unarmed
rCold   . . .        (no shield)
rNeg    . . .        (body armour unavailable)
rPois   +            (helmet currently unavailable)
rElec   .            (cloak currently unavailable)
rCorr   .            (gloves currently unavailable)
SInv    .            (boots currently unavailable)
Will    .....        (no amulet) Stlth
                     (no ring)
HPRegen 0.39/turn    (no ring)
MPRegen 0.10/turn

%: no passive effects
@: mighty, berserking, tree-form, attractive, hasted, very quick
A: stationary, stasis, torment immunity, boosted hp, (breathe steam), AC +6,
unfitting armour, (cold-blooded), inability to use devices, (steam resistance),
frail 1
a: Renounce Religion


You were on level 4 of the Dungeon.
You worshipped Ru.
Ru was pleased with you.
You were a tree.
You visited 1 branch of the dungeon, and saw 4 of its levels.

You collected 174 gold pieces.
You spent 33 gold pieces at shops.

Inventory:

Jewellery
 r - an amulet of guardian spirit
Talismans
 b - a beast talisman
 c - a flux talisman
 s - a flux talisman
Scrolls
 f - a scroll of silence
 g - a scroll of fear {unknown}
 k - a scroll of identify {unknown}
 l - a scroll of fog {unknown}
 m - 2 scrolls of teleportation
 o - a scroll of vulnerability {unknown}
 p - a scroll of blinking {unknown}
 q - a scroll of immolation
Potions
 e - 2 potions of curing
 n - a potion of mutation


   Skills:
 - Level 4.0 Fighting
 - Level 1.7 Dodging
 - Level 6.0 Unarmed Combat
 + Level 5.1 Shapeshifting


You had 6 spell levels left.
You didn't know any spells.
Your spell library was empty.

Dungeon Overview and Level Annotations

Branches:
Dungeon (4/15)
 Temple: D:4-7

Altars:
Ru

Shops:
D:1 !*[:   D:3 [


Innate Abilities, Weirdness & Mutations

You are a tree.
Your roots penetrate the ground, keeping you stationary.
You cannot be teleported.
You are immune to unholy pain and torment.
Your maximum health is greatly increased.
Your equipment is partially melded.
((You can breathe blasts of scalding, opaque steam.))
((Your pale cyan-grey scales are hard. (AC +6)))
You cannot fit into any form of body armour.
((You are cold-blooded and may be slowed by cold attacks.))
You cannot study or use magical devices.
((You are immune to the effects of steam.))
You are frail. (-10% HP)


Message History

It was a potion of attraction.
You feel attractive to monsters.
Pikel hits you with a +1 whip of flaming.
* * * LOW HITPOINT WARNING * * *
Pikel burns you.
* * * LOW HITPOINT WARNING * * *
It was a potion of enlightenment.
Your roots keep you in place.
Pikel hits you but does no damage.
It was a potion of haste.
You feel yourself speed up. Pikel hits you but does no damage.
It was a potion of berserk rage.
A red film seems to cover your vision as you go berserk!
You feel yourself moving faster!
You feel mighty!
Your enlightenment fades.
Pikel hits you but does no damage.
You pummel Pikel!!
You kill Pikel!
With Pikel's spell broken, his former minions thank you for their freedom.
The lemure departs this earthly plane. x3; The ogre is attracted toward you.
The gnoll is attracted toward you.
You feel your strength returning.
You feel your intelligence returning.
You feel your dexterity returning.
Training target 4.0 for Fighting reached!
Training target 6.0 for Unarmed Combat reached!
Your Fighting skill increases to level 4!
Your Unarmed Combat skill increases to level 6!
Your Shapeshifting skill gained 2 levels and is now at level 5!
You have reached level 6!
Your scales feel tougher.
You have reached level 7!
Your scales start taking on a pale cyan-grey colour.
You learn Fire Magic quicker.
You learn Air Magic quicker.
You learn Evocations quicker.
You can breathe blasts of scalding, opaque steam.
You are now immune to the effects of steam.
Okay, then.
You smack the ogre!
The ogre is heavily wounded.
The ogre hits you with a +0 giant club!
You die...

####+####
#.......#
#.......#
#.......#
#..g§§..#
#..ggg..# #O#
#♣# ######.#
#......# ####
#.###..#####....
#.# #..#.....#
#.###..#.##..#
#.#.......#..#
#.#..#.#.....#
#.#..#.#.....#


You could see an ogre and 3 gnolls.

Vanquished Creatures
  Pikel (D:4)
  A bombardier beetle (D:3)
  Robin (D:2)
  A gnoll (D:4)
  5 adders
  3 ribbon worms
  3 orcs (D:3)
  7 ball pythons
  5 endoplasms
  4 giant cockroaches
  12 goblins
  4 hobgoblins
  5 jackals
  4 kobolds
  2 quokkas
  8 bats
  2 frilled lizards (D:1)
  4 rats
72 creatures vanquished.

Notes
Turn   | Place    | Note
-------+----------+-------------------------------------------
     0 | D:1      | MisterFreud the Draconian Shapeshifter began the quest for
                  | the Orb.
     0 | D:1      | Reached XP level 1. HP: 16/16 MP: 1/1
    60 | D:1      | Found Epacutis's Armour Shop.
   194 | D:1      | Reached XP level 2. HP: 23/23 MP: 2/2
   215 | D:1      | Noticed a walking crystal tome
   220 | D:1      | Found Warea's Book Emporium.
   236 | D:1      | Noticed a walking earthen tome
   365 | D:1      | Found Xorebb's General Store.
   455 | D:1      | Reached XP level 3. HP: 23/29 MP: 3/3
   742 | D:1      | Found Reasch's Distillery.
   749 | D:1      | Bought a potion of curing for 33 gold pieces
   816 | D:2      | Reached skill level 4 in Unarmed Combat
  1122 | D:2      | Noticed Robin
  1157 | D:2      | Killed Robin
  1163 | D:2      | Reached XP level 4. HP: 13/37 MP: 4/4
  1980 | D:3      | Found Vewan's Armour Boutique.
  2036 | D:3      | Found a faded altar of an unknown god.
  2043 | D:3      | Reached XP level 5. HP: 45/45 MP: 5/5
  2048 | D:3      | Prayed at the altar of an unknown god.
  2048 | D:3      | Became a worshipper of Ru the Awakened
  2052 | D:3      | Gained mutation: You cannot study or use magical devices.
                  | [Ru sacrifice]
  2052 | D:3      | Reached * piety under Ru
  2052 | D:3      | Reached ** piety under Ru
  2097 | D:3      | Reached skill level 5 in Unarmed Combat
  2611 | D:4      | Noticed Pikel
  2611 | D:4      | Noticed a lemure
  2611 | D:4      | Noticed a lemure
  2611 | D:4      | Noticed a lemure
  2611 | D:4      | Noticed a lemure
  2611 | D:4      | Noticed an ogre
  2631 | D:4      | Gained mutation: You are frail. (-10% HP) [potion of
                  | mutation]
  2632 | D:4      | HP: 3/60 [Pikel/+1 whip of flaming (3)]
  2636 | D:4      | Killed Pikel
  2637 | D:4      | Reached skill level 6 in Unarmed Combat
  2637 | D:4      | Reached skill level 5 in Shapeshifting
  2637 | D:4      | Reached XP level 6. HP: 6/46 MP: 6/6
  2637 | D:4      | Your scales start taking on a pale cyan-grey colour.
  2637 | D:4      | Reached XP level 7. HP: 6/53 MP: 7/7
  2637 | D:4      | Gained mutation: You are immune to the effects of steam.
                  | [Pale Draconian growth]
  2637 | D:4      | Slain by an ogre

Illustrated notes

Levels and vault maps discovered:
D:1:      dpeg_arrival_round_a, layout_basic, serial_shops, shop,
          nicolae_shop_mannequins, shop, shop
D:2:      layout_loops_ring, uniq_robin
D:3:      layout_loops_ring, ebering_ecumenical_altar_hall, serial_shops,
          nicolae_shop_just_a_little_nook, roderic_lattice_a
D:4:      layout_basic, kennysheep_slug_shrine,
          pdpol_wu_jian_five_deadly_venoms, minivault_24, uniq_pikel, uniq_ijyb,
          uniq_grinder, uniq_blork_the_orc, uniq_duvessa

Skill      XL: |  1  2  3  4  5 |
---------------+----------------+-----
Fighting       | 2 3 4 |  4.0
Unarmed Combat | 4 6 |  6.0
Shapeshifting  | 5 |  5.1
Dodging        | |  1.7

Action                     |  1- 3 |  4- 6 |  7- 9 || total
---------------------------+-------+-------+-------++-------
  Melee: Unarmed           |   119 |    97 |     1 ||   217
         Tailslap          |    11 |    10 |       ||    21
         Punch             |     6 |     2 |       ||     8
 Invoke: Sacrifice Artific |       |     1 |       ||     1
    Use: Scroll            |     1 |     2 |       ||     3
         Potion            |     1 |     8 |       ||     9
   Stab: Sleeping          |     2 |     1 |       ||     3
 Armour: Skin              |    74 |    45 |     1 ||   120
  Dodge: Dodged            |    94 |    54 |       ||   148

Table legend: (Time is in decaauts)
 A = Elapsed time spent in this place.
 B = Non-inter-level travel time spent in this place.
 C = Inter-level travel time spent in this place.
 D = Time resting spent in this place.
 E = Time spent auto-exploring this place.
 F = Levels seen in this place.
 G = Mean time per level.
                   A        B        C        D        E       F      G
               +--------+--------+--------+--------+--------+-----+--------+
         Total |   2619 |   2571 |     48 |     79 |   2009 |   4 |  654.8 |
       Dungeon |   2619 |   2571 |     48 |     79 |   2009 |   4 |  654.8 |
               +--------+--------+--------+--------+--------+-----+--------+

Top non-repeatable levels by time:
     D:3: 910 daAuts
     D:2: 894 daAuts
     D:1: 764 daAuts
     D:4: 50 daAuts
